 Dungeon Crawl Stone Soup version 0.26-b1-32-g5d43845318 (webtiles) character file.

Game seed: 17733427760732972831

4 sentinel the Conjurer (level 1, 0/15 HPs)
             Began as a Demonspawn Conjurer on Jan 10, 2021.
             Slain by a jackal (2 damage)
             ... on level 1 of the Dungeon.
             The game lasted 00:00:19 (108 turns).

sentinel the Conjurer (Demonspawn Conjurer)          Turns: 108, Time: 00:00:19

Health: 0/15       AC:  2    Str:  7    XL:     1   Next: 58%
Magic:  0/3        EV: 12    Int: 19    God:
Gold:   0          SH:  0    Dex: 11    Spells: 3/4 levels left

rFire    . . .     SeeInvis .   c - +0 short sword
rCold    . . .     Faith    .   (no shield)
rNeg     . . .     Spirit   .   a - +0 robe
rPois    .         Reflect  .   (no helmet)
rElec    .         Harm     .   (no cloak)
rCorr    .         Rampage  .   (no gloves)
Will     .....                  (no boots)
Stlth    ++........             (no amulet)
HPRegen  0.05/turn              (no ring)
MPRegen  0.08/turn              (no ring)

@: no status effects
A: no striking features
a: no special abilities


You were on level 1 of the Dungeon.
You visited 1 branch of the dungeon, and saw 1 of its levels.

Inventory:

Hand Weapons
 c - a +0 short sword (weapon)
Armour
 a - a +0 robe (worn)
 b - a +0 pair of gloves
Scrolls
 d - a scroll of amnesia {unknown}


   Skills:
 + Level 1.2 Fighting
 - Level 1.7 Dodging
 - Level 1.7 Stealth
 - Level 2.0 Spellcasting
 - Level 4.0 Conjurations


You had 3 spell levels left.
You knew the following spells:

 Your Spells              Type           Power        Failure   Level
a - Magic Dart            Conj           68%          3%          1

Your spell library contained the following spells:

 Spells                   Type           Power        Failure   Level
 Searing Ray              Conj           34%          4%          2
 Dazzling Flash           Conj/Hex       18%          22%         3
 Fulminant Prism          Conj/Hex       4%           58%         4
 Iskenderun's Mystic Bla  Conj/Tloc      9%           58%         4


Dungeon Overview and Level Annotations

Branches:
Dungeon (1/15)

Altars:


Message History

Options error: Bad channel -- pray (~/.crawlrc:3650) Options error: Bad channel -- food (~/.crawlrc:3653) Options error: Bad channel -- rotten_meat (~/.crawlrc:3670) Welcome, sentinel the Demonspawn Conjurer.
Will you be the one to retrieve the awesome Orb of Zot from the depths?
Found a staircase leading out of the dungeon.
Found 24 bolts.
Found a short sword.
b - a pair of gloves
Found a hunting sling and 21 arrows.
A goblin comes into view. It is wielding a +0 dagger.
You see here a scroll labelled LEECZON TANAIL.
But you're not safe! But you're not safe! But you're not safe!
The magic dart hits the goblin.
The goblin shouts!
You hear a bark!
The magic dart hits the goblin.
You kill the goblin!
You can't see any susceptible monsters within range! (Use Z to cast anyway.)
You can't see any susceptible monsters within range! (Use Z to cast anyway.)
You can't see any susceptible monsters within range! (Use Z to cast anyway.)
You can't see any susceptible monsters within range! (Use Z to cast anyway.)
You see here a short sword.
You see here a short sword.
c - a short sword
d - a scroll labelled LEECZON TANAIL
c - a +0 short sword (weapon)
Things that are here:
a +0 dagger; a goblin corpse A jackal comes into view.
But you're not safe! But you're not safe! But you're not safe!
The magic dart hits the jackal.
The jackal barks!
You hear a bark!
A jackal comes into view.
You hear an angry hiss.
The magic dart hits the jackal.
The magic dart hits the jackal but does no damage.
The jackal misses you.
A frilled lizard comes into view.
You don't have enough magic to cast that spell.
You don't have enough magic to cast that spell.
A jackal comes into view.
The jackal bites you.
There are monsters nearby!
You completely miss the jackal. The jackal closely misses you.
The jackal closely misses you. The jackal misses you. The jackal bites you.
You barely miss the jackal. The jackal closely misses you.
You hit the jackal. The jackal bites you. The jackal closely misses you.
You hit the jackal but do no damage. The jackal closely misses you.
You hit the jackal.
You kill the jackal!
The jackal barely misses you.
You hit the jackal. The jackal misses you.
You barely miss the jackal.
The jackal barks!
The jackal bites you.
The jackal bites you but does no damage.
The magic dart hits the jackal.
You kill the jackal!
Your Fighting skill increases to level 1!
You hit the frilled lizard.
The frilled lizard bites you but does no damage.
You hit the frilled lizard.
You kill the frilled lizard!
You barely miss the jackal. The jackal misses you. The jackal bites you.
You are too injured to fight recklessly!
You are too injured to fight recklessly!
You are too injured to fight recklessly!
You hit the jackal. The jackal bites you.
You closely miss the jackal. The jackal bites you.
* * * LOW HITPOINT WARNING * * *
The jackal bites you but does no damage.
HP warning!
Unknown command.
HP warning!
The jackal barely misses you.
HP warning!
HP warning!
HP warning!
The jackal barely misses you.
HP warning!
You are too injured to fight recklessly!
Aim: a jackal (0% to evade)
The magic dart hits the jackal.
The jackal bites you.
* * * LOW HITPOINT WARNING * * *
HP warning!
You closely miss the jackal. The jackal closely misses you.
The jackal barely misses you.
HP warning!
You miss the jackal.
The jackal bites you but does no damage.
HP warning!
You barely miss the jackal. The jackal bites you.
You die...

#...#.#.#
#.#.#.....# #.
#.#...#†###
#.##.#####.# #
#.......##.#
#(#...)...##.#
#.#.......##.#
..........).h#
#.......##@#
#.......##.#
#.......##.#
###...####.#
#####.....###.#
..............#
#####.....##..#
##...## ..#
##.## #


You could see a jackal.

Vanquished Creatures
  A goblin (D:1)
  2 jackals (D:1)
  A frilled lizard (D:1)
4 creatures vanquished.

Notes
Turn   | Place    | Note
-------+----------+-------------------------------------------
     0 | D:1      | sentinel the Demonspawn Conjurer began the quest for the
                  | Orb.
     0 | D:1      | Reached XP level 1. HP: 13/13 MP: 3/3
    95 | D:1      | Reached skill level 1 in Fighting
   108 | D:1      | Slain by a jackal

Illustrated notes

Levels and vault maps discovered:
D:1:      dpeg_chamrin_arrival_tetris, layout_loops_ring, minmay_small_reverse_x

Skill      XL: |  1 |
---------------+----+-----
Fighting       | 1 |  1.2
Dodging        | |  1.7
Stealth        | |  1.7
Spellcasting   | |  2.0
Conjurations   | |  4.0

Action                   || total
-------------------------++-------
Melee: Short sword       ||    15
 Cast: Magic Dart        ||     7
Armor: Robe              ||     4
Dodge: Dodged            ||    14
